Map: Dusk Towers

Players

MorN - Winner!

  • Race: Terran Terran
  • League: Master

Apocalypse

  • Race: Protoss Protoss
  • League: Master

VOD

Have the link to the VOD?

Description

Time

  • Played on: Dec. 6, 2015, 5:58 p.m.
  • Length: 6:37
Show
View Real Time Build Order
Export as new Build Order

MorN Terran - Winner!

Build Orders: Reaper Expand 

Get SALT Encoding   

  12  0:01  SCV  
  13  0:13  SCV  
  14  0:17  Supply Depot  
  14  0:25  SCV  
  15  0:39  SCV  
  15  0:40  Barracks  
  16  0:45  Refinery  
  16  0:51  SCV  
  17  1:03  SCV  
  18  1:15  SCV  
  19  1:28  Orbital Command  
  19  1:29  Reaper  
  20  1:40  Command Center  
  20  1:51  Supply Depot  
  20  1:53  SCV  
  21  2:01  Barracks Reactor  
  21  2:08  Barracks  
  21  2:11  SCV  
  22  2:15  Barracks  
  22  2:23  SCV  
  23  2:42  Marine x2  
  25  2:54  Barracks Tech Lab  
  25  2:56  Orbital Command  
  25  2:58  SCV  
  25  3:02  Marine x2  
  25  3:03  Marine  
  29  3:10  SCV  
  30  3:14  Stimpack  
  30  3:17  Marine  
  30  3:19  Factory  
  31  3:20  Marine x2  
  31  3:21  Marine  
  31  3:23  SCV  
  31  3:26  Supply Depot, SCV  
  36  3:35  SCV, Marine  
  36  3:36  Refinery  
  36  3:38  Marine x2  
  36  3:39  SCV  
  40  3:42  Marine  
  40  3:47  SCV  
  42  3:52  SCV, Marine, Supply Depot  
  44  3:55  Marine  
  44  3:57  Marine  
  44  3:59  SCV, Marine  
  48  4:04  SCV  
  48  4:05  Starport  
  48  4:06  Factory Reactor  
  49  4:11  SCV  
  49  4:16  SCV  
  51  4:20  Marine x3  
  51  4:22  Marauder  
  51  4:23  SCV  
  57  4:25  Supply Depot  
  57  4:28  SCV  
  57  4:30  Refinery  
  58  4:35  SCV  
  59  4:40  SCV  
  60  4:47  SCV  
  60  4:49  Marine, Medivac x2  
  60  4:50  Marauder, Marine x2  
  70  4:55  Supply Depot  
  70  4:57  Factory Reactor  
  70  5:09  Supply Depot x2  
  70  5:17  SCV x2, Marine x4  
  76  5:29  SCV x2  
  76  5:31  Medivac x2  
  76  5:34  Marine x3  
  85  5:37  Marine  
  85  5:38  Command Center  
  85  5:41  SCV  
  87  5:44  SCV  
  88  5:51  Engineering Bay  
  88  5:52  Engineering Bay, Marine  
  88  5:53  SCV, Refinery  
  88  5:56  Barracks Tech Lab, Marine  
  91  5:59  SCV  
  91  6:03  Marine  
Show
View Real Time Build Order
Export as new Build Order

Apocalypse Protoss 

Build Orders: 1 Gate Expand 

Get SALT Encoding   

  12  0:01  Probe (Chrono Boost)  
  13  0:11  Probe (Chrono Boost)  
  14  0:18  Pylon  
  14  0:22  Probe (Chrono Boost)  
  15  0:36  Probe (Chrono Boost)  
  15  0:38  Gateway  
  16  0:47  Probe (Chrono Boost)  
  17  0:50  Assimilator  
  17  0:58  Probe (Chrono Boost)  
  18  1:08  Probe (Chrono Boost)  
  19  1:19  Probe (Chrono Boost)  
  19  1:25  Nexus  
  20  1:29  Probe (Chrono Boost)  
  21  1:37  Cybernetics Core  
  21  1:40  Probe (Chrono Boost)  
  21  1:45  Assimilator  
  22  1:51  Probe (Chrono Boost)  
  22  1:53  Pylon  
  23  2:11  Probe (Chrono Boost)  
  23  2:13  Adept  
  23  2:14  Warp Gate  
  26  2:16  Forge  
  28  2:22  Mothership Core (Chrono Boost)  
  28  2:41  Probe (Chrono Boost)  
  28  2:46  Probe (Chrono Boost)  
  28  2:58  Probe x2 (Chrono Boost)  
  30  3:04  Protoss Ground Weapons Level 1 (Chrono Boost)  
  30  3:09  Probe x2 (Chrono Boost)  
  32  3:19  Probe (Chrono Boost)  
  32  3:20  Probe (Chrono Boost)  
  32  3:25  Gateway  
  34  3:27  Gateway  
  34  3:29  Probe, Adept  
  34  3:32  Probe  
  38  3:39  Probe  
  39  3:44  Probe  
  40  3:49  Robotics Facility  
  40  3:50  Probe  
  41  3:56  Probe, Assimilator  
  41  3:59  Assimilator  
  41  4:00  Probe  
  43  4:06  Pylon  
  43  4:13  Probe  
  43  4:15  Probe  
  45  4:26  Probe  
  45  4:27  Probe, Pylon  
  45  4:30  Pylon  
  45  4:31  Twilight Council  
  47  4:32  Stalker x2  
  47  4:34  Sentry  
  53  4:43  Protoss Ground Armor Level 1 (Chrono Boost)  
  53  4:44  Warp Prism (Chrono Boost)  
  55  4:52  Probe x2  
  57  4:56  Sentry x2  
  61  5:04  Probe x2  
  63  5:16  Probe  
  63  5:21  Robotics Bay  
  64  5:28  Probe  
  66  5:30  Nexus  
  66  5:33  Probe  
  66  5:37  Observer  
  66  5:42  Stalker  
  69  5:50  Pylon  
  69  5:52  Pylon  
  69  5:56  Probe  
  70  6:07  Pylon  
  70  6:08  Probe  
  70  6:09  Pylon  
  75  6:17  Adept x3  
Tags
 
Add a new tag
Caveats
  • Supply blocks, unpowered buildings, or Contaminate may cause inaccurate times.
  • Supply counts are checked every 10 seconds.